 Dungeon Crawl Stone Soup version 0.30.1-9-gdf580d7c3d (webtiles) character file.

Game seed: 234942542584464053

61 Danienth the Sneak (level 3, -2/18 HPs)
             Began as a Spriggan Enchanter on Oct 6, 2023.
             Succumbed to a water moccasin's poison
             ... on level 3 of the Dungeon.
             The game lasted 00:04:03 (1558 turns).

Danienth the Sneak (Spriggan Enchanter)             Turns: 1558, Time: 00:04:04

Health: -2/18      AC:  2    Str:  6    XL:     3   Next: 83%
Magic:  8/8        EV: 17    Int: 16    God:
Gold:   108        SH:  0    Dex: 15    Spells: 7/7 levels left

rFire   . . .        a - +1 dagger
rCold   . . .        (no shield)
rNeg    . . .        b - +0 robe
rPois   .            (helmet restricted)
rElec   .            (no cloak)
rCorr   .            (gloves unavailable)
SInv    +            (boots unavailable)
Will    .....        (no amulet)
Stlth   +++          (no ring)
HPRegen 0.23/turn    (no ring)
MPRegen 0.11/turn

%: no passive effects
@: lethally poisoned (-2 -> -21), very quick
A: very small, no large weapons, unfitting armour, see invisible, speed 3
a: no special abilities


You were on level 3 of the Dungeon.
You visited 1 branch of the dungeon, and saw 3 of its levels.

You collected 108 gold pieces.

Inventory:

Hand Weapons
 a - a +1 dagger (weapon)
Armour
 b - a +0 robe (worn)
Jewellery
 k - a ring of protection from fire
Scrolls
 i - 2 scrolls of vulnerability
 j - a scroll of enchant armour {unknown}
 n - 2 scrolls of teleportation {unknown}
 o - a scroll of poison {unknown}
 p - 2 scrolls of fog {unknown}
 r - a scroll of amnesia {unknown}
Potions
 c - 2 potions of invisibility
 d - a potion of berserk rage {unknown}
 e - a potion of cancellation {unknown}
 f - a potion of haste {unknown}
 g - 4 potions of curing
 h - a potion of attraction {unknown}
 l - 2 potions of flight
 m - 2 potions of resistance
 q - a potion of lignification {unknown}


   Skills:
 * Level 1.6 Fighting
 * Level 3.2 Short Blades
 - Level 2.6 Dodging
 - Level 4.4 Stealth
 - Level 2.6 Spellcasting
 - Level 3.6 Hexes


You had 7 spell levels left.
You didn't know any spells.
Your spell library contained the following spells:

 Spells                   Type           Power      Damage    Failure   Level
 Confusing Touch          Hex            13%        N/A       13%         3
 Tukima's Dance           Hex            13%        N/A       13%         3
 Ensorcelled Hibernation  Hex/Ice        14%        N/A       14%         2
 Dazzling Flash           Conj/Hex       14%        N/A       28%         3


Dungeon Overview and Level Annotations

Branches:
Dungeon (3/15)

Altars:


Innate Abilities, Weirdness & Mutations

You are very small and have problems with some larger weapons.
You are too small for most types of armour.
You have supernaturally acute eyesight. (SInv)
You cover ground extremely quickly. (Speed+++)


Message History

No target in view!
No target in view!
A dart slug comes into view.
You see here 13 gold pieces.
The helpless dart slug fails to defend itself.
You impale the dart slug!!
You kill the dart slug!
No target in view!
No target in view!
You now have 108 gold pieces (gained 13).
Found a stone staircase leading down.
A water moccasin comes into view.
The water moccasin hisses angrily.
You closely miss the water moccasin. The water moccasin bites you.
You are poisoned.
The water moccasin poisons you!
You barely miss the water moccasin.
You feel sick. The water moccasin misses you.
You closely miss the water moccasin.
You feel sick. The water moccasin bites you.
You are more poisoned.
The water moccasin poisons you!
You are too injured to fight recklessly!
You are too injured to fight recklessly!
You are too injured to fight recklessly!
You are too injured to fight recklessly!
You are too injured to fight recklessly!
You are too injured to fight recklessly!
Hit: a) +1 dagger
Press: ? - help, Dir - move target, f - water moccasin
Aim: a water moccasin (about 50% to evade your +1 dagger)
You hit the water moccasin but do no damage.
* * * LOW HITPOINT WARNING * * *
You feel very sick. The water moccasin closely misses you.
Hit: a) +1 dagger
Press: ? - help, Dir - move target, f/p - water moccasin
Aim: a water moccasin (about 50% to evade your +1 dagger)
You completely miss the water moccasin.
You die...

#..##.# #......#.# #.
##.# #...........#
####..# #...........#
#....## #...#.......#
####.# #...#.. ....#
#.# #...# .... ##.#
#...# #..##.. ###..#
###...##......#
#<†.####......@>....#
#........##..##S#####
#.............# .#
#..<.########.# .#
......# ... ..
####### ......
...^.... ........


You could see a water moccasin.

Vanquished Creatures
  A worm (D:2)
  4 dart slugs
  3 ball pythons (D:1)
  5 endoplasms
  2 giant cockroaches
  7 goblins
  5 hobgoblins
  2 jackals (D:1)
  A kobold (D:1)
  2 quokkas
  7 bats
  A frilled lizard (D:1)
  5 rats
45 creatures vanquished.

Notes
Turn   | Place    | Note
-------+----------+-------------------------------------------
     0 | D:1      | Danienth the Spriggan Enchanter began the quest for the
                  | Orb.
     0 | D:1      | Reached XP level 1. HP: 9/9 MP: 5/5
   228 | D:1      | Reached XP level 2. HP: 11/14 MP: 6/6
   298 | D:1      | Reached skill level 1 in Fighting
   490 | D:1      | Reached XP level 3. HP: 18/18 MP: 8/8
  1548 | D:3      | Noticed a water moccasin
  1558 | D:3      | Succumbed to a water moccasin's poison

Illustrated notes

Levels and vault maps discovered:
D:1:      minmay_arrival_five_plusses, layout_basic
D:2:      layout_basic
D:3:      layout_rooms, nicolae_qazlal_beasts_of_the_sky,
          shapermc_ecumenical_altar_pompeii

Skill      XL: |  1  2  3 |
---------------+----------+-----
Fighting       | 1 |  1.6
Short Blades   | 2 3 |  3.2
Dodging        | |  2.6
Stealth        | |  4.4
Spellcasting   | |  2.6
Hexes          | |  3.6

Action                     || total
---------------------------++-------
  Melee: Dagger            ||   173
         Punch             ||     2
    Use: Scroll            ||     4
   Stab: Sleeping          ||    10
 Armour: Robe              ||    16
  Dodge: Dodged            ||   150
